Cogmind - Beta 12 @@@ ROGUE MODE // 2023.05.25 @ 17:50:10 Player: Decinym Result: Destroyed by 8R-AWN with 8R-AWN's Boregun Performance ------------- Evolutions (1) 500 Regions Visited (5) 1000 Robots Destroyed (54) 270 Value Destroyed (1101) 1101 Prototype IDs (25) 500 Alien Tech Used (0) 0 Bonus (398) 398 TOTAL SCORE: 3769 Bonus ------- Follower Combat Kills 98 Aligned with FarCom 300 Cogmind --------- Core Integrity 0/400 Matter 265/300 Energy 18/250 System Corruption 0% Temperature Cool (0) Movement Treading (240) Ox1 Location -9/Exiles Parts ------- > --- POWER (1) -------- Ion Engine > --- PROPULSION (3) --- Light Treads Light Treads Light Treads > --- UTILITY (3) ------ Huge Storage Unit Shield Generator Splice Drone Bay (6/6) > --- WEAPON (2) ------- Katana Axe > --- INVENTORY (25) --- Light Treads Light Treads High-capacity Battery (17) Experimental Sensor Array AWS/Thermal Assault Rifle Heavy Assault Rifle Heavy Assault Rifle Rocket Launcher Rocket Launcher Improved Datajack Field Lobotomy Kit (5) Axe Axe Peak State ------------ > --- POWER ------------ Light Nuclear Core > --- PROPULSION ------- Light Treads Light Treads Light Treads > --- UTILITY ---------- Huge Storage Unit Heavy Armor Plating > --- WEAPON ----------- Heavy Assault Rifle Katana > --- INVENTORY -------- Ion Engine Nuclear Core Nuclear Core Fission Core Light Treads Light Treads Light Treads High-capacity Battery High-capacity Battery Small Matter Pod Experimental Sensor Array Improved Light Armor Plating Shield Generator Splice Drone Bay YOLO Cannon Assault Rifle Heavy Assault Rifle Rocket Launcher Rocket Launcher Improved Datajack Field Lobotomy Kit Axe Axe Axe [Rating: 26] Favorites ----------- Power Light Ion Engine Engine Light Ion Engine Power Core Light Nuclear Core Propulsion Light Treads Treads Light Treads Leg Aluminum Leg Utility Huge Storage Unit Device Sensor Array Storage Huge Storage Unit Protection Heavy Armor Plating Weapon Heavy Assault Rifle Energy Gun Particle Gun Energy Cannon Beam Cannon Ballistic Gun Heavy Assault Rifle Launcher Rocket Launcher Slashing Weapon Katana Build | -11 -10 -10 -9 -9 -9 ------- Run | Jun Mat Min Mat Min Exi Slots Evolved 2 | . . . 2 . . Power . | . . . . . . Propulsion 1 | . . . 1 . . Utility 1 | . . . 1 . . Weapon . | . . . . . . Parts Attached 62 | . 12 8 22 11 9 Power 6 | . 2 . 2 1 1 Engine 5 | . 2 . 2 . 1 Core 1 | . . . . 1 . Reactor . | . . . . . . Propulsion 13 | . 4 . 5 2 2 Treads 11 | . 2 . 5 2 2 Leg 2 | . 2 . . . . Wheel . | . . . . . . Hover . | . . . . . . Flight . | . . . . . . Utility 16 | . 3 2 4 4 3 Device 8 | . 1 2 2 1 2 Storage 3 | . 2 . 1 . . Processor . | . . . . . . Hackware . | . . . . . . Protection 5 | . . . 1 3 1 Artifact . | . . . . . . Weapon 27 | . 3 6 11 4 3 Energy Gun 3 | . 1 1 1 . . Energy Cannon 2 | . . . 2 . . Ballistic Gun 13 | . 1 4 5 2 1 Ballistic Cannon . | . . . . . . Launcher 7 | . 1 1 3 1 1 Special Weapon . | . . . . . . Impact Weapon . | . . . . . . Slashing Weapon 2 | . . . . 1 1 Piercing Weapon . | . . . . . . Special Melee Weapon . | . . . . . . Unidentified Prototypes 2 | . . 1 . 1 . Parts Lost 15 | . 2 . 4 5 4 Power 5 | . 1 . 2 1 1 Propulsion 5 | . 1 . 1 2 1 Utility 4 | . . . . 2 2 Weapon 1 | . . . 1 . . Highest Loss Streak 4 | . 2 . 2 4 3 To Critical Strikes 2 | . . . . . 2 Average Slot Usage (%) 91 | . 92 100 88 88 89 Engine 8 | . 14 14 10 5 . Core 3 | . . . . 5 10 Treads 29 | . 13 28 32 33 33 Leg 2 | . 14 . . . . Device 4 | . 5 14 3 . 1 Storage 12 | . 18 14 11 11 11 Protection 6 | . . . 8 11 10 Energy Gun 3 | . 3 7 7 . . Energy Cannon 1 | . . . 6 . . Ballistic Gun 14 | . 21 20 7 21 9 Slashing Weapon 2 | . . . . . 12 Naked Turns . | . . . . . . Heaviest Build 106 | 13 29 30 105 106 106 Greatest Support 60 | 20 40 40 60 60 60 Greatest Overweight (x) 2 | . 1 . 2 1 1 Average Overweight (x) . | . . . . 1 1 Largest Inventory Capacity 25 | . 15 15 25 25 25 Average Capacity 20 | . 10 15 24 25 25 Most Carried 25 | . 12 15 25 25 25 Average Carried 19 | . 9 14 23 21 23 Final Capacity 25 | 8 15 15 25 25 25 Final Carried 25 | 6 12 15 25 21 15 Class Distribution -------------------- 51% | Scavenger-Mutant 48% | Mutant Dominant Class ---------------- Mutant | -10/Materials Mutant | -10/Mines Mutant | -9/Materials Scavenger-Mutant | -9/Mines Scavenger-Mutant | -9/Exiles Resources | -11 -10 -10 -9 -9 -9 ----------- Run | Jun Mat Min Mat Min Exi Matter Collected 1305 | 200 178 146 373 237 171 Remotely . | . . . . . . Salvage Created 1462 | . 457 185 553 246 21 Parts 99 | . 25 13 46 15 . Haulers Intercepted 3 | . 1 . 2 . . Recyclers Shooed 2 | . . 1 1 . . Parts Field Recycled . | . . . . . . Retrieved Matter . | . . . . . . Parts Self-Destructed . | . . . . . . Prevented . | . . . . . . Kills | -11 -10 -10 -9 -9 -9 ------- Run | Jun Mat Min Mat Min Exi Combat Hostiles Destroyed 44 | . 9 9 15 8 3 Guns 26 | . 7 7 5 6 1 Cannons 2 | . . . 2 . . AOE 15 | . 2 2 7 2 2 Classes Destroyed 12 | . 6 . 3 2 1 Worker 5 | . 3 . 1 1 . Builder 1 | . . . 1 . . Hauler 3 | . 1 . 2 . . Recycler 2 | . 1 . 1 . . Operator 1 | . . . 1 . . Watcher 1 | . 1 . . . . Swarmer 20 | . 3 7 7 3 . Grunt 16 | . 6 2 5 3 . Duelist 1 | . . . . 1 . Sentry 3 | . . . 3 . . Demolisher 1 | . . . . 1 . Assembled 3 | . . . . . 3 Best Kill Streak 8 | . 8 3 6 3 3 Combat Bots Only 4 | . 4 3 4 3 3 Max Kills in Single Turn 3 | . 3 2 3 1 2 Gunslinging 1 | . . 1 . . . Exploded 2 | . 1 1 2 1 2 Melee . | . . . . . . Uniques/NPCs Destroyed . | . . . . . . Combat | -11 -10 -10 -9 -9 -9 -------- Run | Jun Mat Min Mat Min Exi Damage Taken 4049 | . 564 314 914 1314 943 Core 539 | . 82 46 104 163 144 Absorbed by Shields 231 | . . . . . 231 Core Remaining (%) 74 | 100 . 48 . . . Volleys Fired 152 | . 41 15 62 27 7 Largest 2 | . 2 2 2 2 1 Hottest 125 | . 70 40 125 46 33 Shots Fired 260 | . 78 28 97 50 7 Gun 211 | . 75 26 62 46 2 Cannon 26 | . . . 26 . . Launcher 23 | . 3 2 9 4 5 Special . | . . . . . . Kinetic 144 | . 46 26 24 46 2 Thermal 93 | . 29 . 64 . . Explosive 23 | . 3 2 9 4 5 Electromagnetic . | . . . . . . Robot Hit Streak 10 | . 9 5 10 9 2 Robot Miss Streak 5 | . 3 3 5 3 2 Penetration Max . | . . . . . . Secondary Targets 4 | . 1 2 . 1 . Max Gunslinging Chain 1 | . 1 1 . 1 . Shots Hit Robots 196 | . 51 19 60 33 33 Core Hits 97 | . 27 13 35 17 5 Critical Kills . | . . . . . . Critical Parts Destroyed . | . . . . . . Critical Strikes 8 | . 5 . 1 . 2 Burn 6 | . 5 . 1 . . Sever 2 | . . . . . 2 Melee Attacks 44 | . . . . 1 43 Impact . | . . . . . . Slashing 44 | . . . . 1 43 Piercing . | . . . . . . Sneak Attacks . | . . . . . . Combat Hostiles . | . . . . . . Follow-up Attacks 6 | . . . . . 6 Damage Inflicted 4418 | . 873 308 1411 702 1124 Guns 1703 | . 565 163 488 456 31 Cannons 280 | . . . 280 . . Explosions 1396 | . 308 124 643 230 91 Melee 1002 | . . . . . 1002 Ramming 37 | . . 21 . 16 . Kinetic 1086 | . 302 163 134 456 31 Thermal 897 | . 263 . 634 . . Explosive 1396 | . 308 124 643 230 91 Electromagnetic . | . . . . . . Impact . | . . . . . . Slashing 1002 | . . . . . 1002 Piercing . | . . . . . . Highest Corruption . | . . . . . . Average Corruption . | . . . . . . Corruption Purged . | . . . . . . Corruption Blocked . | . . . . . . Overload Shots . | . . . . . . Overflow Damage 15 | . 6 1 8 . . Projectiles . | . . . . . . Explosions 15 | . 6 1 8 . . Melee . | . . . . . . Knockbacks . | . . . . . . Impact . | . . . . . . Kinetic . | . . . . . . Secondary . | . . . . . . Self-Inflicted Damage 59 | . . 59 . . . Shots 2 | . . 2 . . . Rammed 5 | . . 4 . 1 . Targets Rammed 5 | . . 4 . 1 . Kicked . | . . . . . . Crushed . | . . . . . . Highest Temperature 392 | . 263 30 392 13 4 Average Temperature 113 | . 99 15 138 6 2 Received Heat Transfer 660 | . 279 78 243 60 . Effects 5 | . . . 5 . . Shutdowns 1 | . . . 1 . . Energy Bleed 1 | . . . 1 . . Interference 2 | . . . 2 . . Short Circuit 1 | . . . 1 . . Siege Activations . | . . . . . . Robots Corrupted . | . . . . . . Combat Hostiles . | . . . . . . Parts Fried . | . . . . . . Impact Corruptions . | . . . . . . Robots Melted 1 | . . . 1 . . Combat Hostiles 1 | . . . 1 . . Parts Melted 10 | . 4 . 6 . . Heat Transferred 2664 | . 1147 . 1517 . . Parts Sabotaged . | . . . . . . Parts Stolen . | . . . . . . Parts Stripped . | . . . . . . Power Chain Reactions . | . . . . . . Missiles Intercepted . | . . . . . . Alert | -11 -10 -10 -9 -9 -9 ------- Run | Jun Mat Min Mat Min Exi Peak Influence 330 | . 242 226 330 211 . Initial 19 | . . 19 . 13 . Average 115 | . 85 90 183 60 . Maximum Alert Level 1 | . 1 1 1 1 . Low Security (%) 73 | . 75 97 44 92 . Level 1 26 | . 24 2 55 7 . Level 2 . | . . . . . . Level 3 . | . . . . . . Level 4 . | . . . . . . Level 5 . | . . . . . . High Security . | . . . . . . Max Security . | . . . . . . Squads Dispatched 4 | . . . 4 . . Investigation . | . . . . . . Extermination . | . . . . . . Reinforcement 4 | . . . 4 . . Assault . | . . . . . . Garrison . | . . . . . . Intercept . | . . . . . . Searches Triggered . | . . . . . . Construction Impeded . | . . . . . . Haulers Reinforced . | . . . . . . Active Scanning Responses . | . . . . . . Cargo Convoy Interrupts . | . . . . . . Stealth | -11 -10 -10 -9 -9 -9 --------- Run | Jun Mat Min Mat Min Exi Distress Signals 3 | . 3 . . . . Communications Jammed . | . . . . . . Distress Signals . | . . . . . . Times Spotted 73 | . 17 11 30 9 6 Peak Tracking Total 9 | . 5 3 6 2 9 Tactical Retreats 1 | . . 1 . . . Traps | -11 -10 -10 -9 -9 -9 ------- Run | Jun Mat Min Mat Min Exi Traps Triggered . | . . . . . . Indirectly . | . . . . . . Trap Hack Attempts . | . . . . . . Triggered . | . . . . . . Disarmed . | . . . . . . Reprogrammed . | . . . . . . Reused . | . . . . . . Traps Extracted . | . . . . . . Installed . | . . . . . . Triggered . | . . . . . . Exploded 3 | . . . . . 3 Machines | -11 -10 -10 -9 -9 -9 ---------- Run | Jun Mat Min Mat Min Exi Machines Disabled 3 | . . . . 1 2 Max in Single Turn 1 | . . . . 1 1 Machines Repaired . | . . . . . . Machines Sabotaged . | . . . . . . Overloaded Fab Kills . | . . . . . . Hacking | -11 -10 -10 -9 -9 -9 --------- Run | Jun Mat Min Mat Min Exi Machines Accessed 5 | . 1 . 1 1 2 Terminals 2 | . 1 . 1 . . Fabricators . | . . . . . . Repair Stations . | . . . . . . Recycling Units . | . . . . . . Scanalyzers . | . . . . . . Garrison Access . | . . . . . . Total Hacks 11 | . 1 . 7 1 2 Successful 6 | . . . 3 1 2 Failed 5 | . 1 . 4 . . Catastrophic . | . . . . . . Database Lockouts . | . . . . . . Manual 6 | . 1 . 4 . 1 Terminals 8 | . 1 . 7 . . Fabricators . | . . . . . . Repair Stations . | . . . . . . Recycling Units . | . . . . . . Scanalyzers . | . . . . . . Garrison Access . | . . . . . . Terminal Hacks 6 | . . . 3 1 2 Record 1 | . . . . . 1 Open Door 1 | . . . . 1 . Emergency Access Points 1 | . . . 1 . . Alert Level 1 | . . . 1 . . Unreport Threat 1 | . . . 1 . . EX-Prototype ID Bank 1 | . . . . . 1 Fabricator Hacks . | . . . . . . Repair Station Hacks . | . . . . . . Recycling Unit Hacks . | . . . . . . Scanalyzer . | . . . . . . Garrison Access Hacks . | . . . . . . Unauthorized Hacks . | . . . . . . Terminals . | . . . . . . Fabricators . | . . . . . . Repair Stations . | . . . . . . Recycling Units . | . . . . . . Scanalyzers . | . . . . . . Garrison Access . | . . . . . . Data Cores Recovered . | . . . . . . Used . | . . . . . . Hacking Detections 2 | . 1 . 1 . . Full Trace Events . | . . . . . . Feedback Events . | . . . . . . Feedback Blocked . | . . . . . . Robot Schematics Acquired . | . . . . . . Robots Built . | . . . . . . Authchips . | . . . . . . Time . | . . . . . . Total Robot Build Rating . | . . . . . . Part Schematics Acquired . | . . . . . . Parts Built . | . . . . . . Authchips . | . . . . . . Time . | . . . . . . Total Part Build Rating . | . . . . . . Parts Repaired . | . . . . . . Time . | . . . . . . Parts Recycled . | . . . . . . Recycled Matter . | . . . . . . Retrieved Matter . | . . . . . . Retrieved Components . | . . . . . . Parts Scanalyzed . | . . . . . . Part Schematics Acquired . | . . . . . . Parts Damaged . | . . . . . . Bothacking | -11 -10 -10 -9 -9 -9 ------------ Run | Jun Mat Min Mat Min Exi Used RIF Installer . | . . . . . . Robots Hacked . | . . . . . . Non-combat . | . . . . . . Combat . | . . . . . . Robot Hacks Applied . | . . . . . . Relay Couplers Released . | . . . . . . Fabnet Peak Effective % . | . . . . . . Robots Rewired . | . . . . . . Allies Hacked . | . . . . . . Hacks Repelled . | . . . . . . Allies | -11 -10 -10 -9 -9 -9 -------- Run | Jun Mat Min Mat Min Exi Total Allies 3 | . . 3 . . . Largest Group 3 | . . 3 2 . . Highest-Rated Group 78 | . . 78 47 . . Highest-Rated Ally 31 | . . 31 31 . . Total Orders . | . . . . . . Ally Attacks 17 | . . . 17 . . Total Damage 271 | . . . 271 . . Kills 4 | . . . 4 . . Allies Corrupted . | . . . . . . Allies Melted . | . . . . . . Intel | -11 -10 -10 -9 -9 -9 ------- Run | Jun Mat Min Mat Min Exi Robot Analysis Total . | . . . . . . Derelict Logs Recovered 3 | . . 2 . 1 . Drone Launches . | . . . . . . Drone Recoveries . | . . . . . . Exploration | -11 -10 -10 -9 -9 -9 ------------- Run | Jun Mat Min Mat Min Exi Turns Passed 5184 | . 785 957 1436 937 1069 Spaces Moved 2241 | 1 448 558 510 349 375 Core . | . . . . . . Treads 2016 | . 224 558 510 349 375 Legs 225 | 1 224 . . . . Wheels . | . . . . . . Hover . | . . . . . . Flight . | . . . . . . Fastest Speed 120 | 120 120 160 160 240 240 Average Speed 199 | 120 141 160 235 240 240 Slowest Speed 320 | 120 240 160 320 240 240 Overloaded Moves . | . . . . . . Propulsion Burnouts . | . . . . . . Robots Hopped . | . . . . . . Cave-ins Triggered . | . . . . . . Exploration Rate (%) 59 | 2 75 98 38 74 69 Regions Visited 5 Branch Regions 3 Pre-discovered Areas 1 | . . . . . 1 Known Exits Taken 1 | . . . 1 . . Unknown Exits Taken 4 | 1 1 1 . 1 . Scrap Searched 4 | . . 2 . 2 . Spaces Dug 8 | . . . . 1 7 Terrain Destroyed 132 | . 13 14 49 24 32 Melee 1 | . . . . 1 . Projectile . | . . . . . . AOE 131 | . 13 14 49 23 32 Terrain Rammed . | . . . . . . Walls Destroyed . | . . . . . . Machines Disabled . | . . . . . . Actions | -11 -10 -10 -9 -9 -9 --------- Run | Jun Mat Min Mat Min Exi Total 2667 | . 533 596 659 395 484 Wait 57 | . 10 3 8 . 36 Move 2236 | . 447 557 509 348 375 Hop . | . . . . . . Pick Up 60 | . 13 3 31 4 9 Fast Attach 12 | . 2 2 7 1 . Attach 24 | . 4 . 8 6 6 Detach 3 | . . 1 1 1 . Swap 26 | . 6 6 7 4 3 Drop 54 | . 10 5 26 2 11 Fire 152 | . 41 15 62 27 7 Melee 38 | . . . . 1 37 Ram . | . . . . . . Kick . | . . . . . . Crush 5 | . . 4 . 1 . Escape Stasis . | . . . . . . Rewire . | . . . . . . Trap . | . . . . . . Miscellaneous . | . . . . . . Route ------- -11/Junkyard -10/Materials (discovered 4 exits: *Mat x2 / [*Min x2]) -10/Mines (discovered 2 exits: *Mat x2) -9/Materials (discovered 3 exits: [*Mat] / *Min x2) -9/Mines (discovered 3 exits: [*Mat x2] / *Exi) -9/Exiles History --------- Turn | Location | Event 1 | -11/Junkyard | Discovered new exit (range 0) 1 | -11/Junkyard | Entered Materials 84 | -10/Materials | Discovered new exit (range 16) 283 | -10/Materials | Discovered new exit (range 6) 313 | -10/Materials | Build established: Mutant 504 | -10/Materials | Discovered new exit (range 5) 643 | -10/Materials | Discovered new exit (range 4) 786 | -10/Materials | Entered Mines 840 | -10/Mines | Learned 4 Materials zone layouts 857 | -10/Mines | Discovered new exit (range 13) 904 | -10/Mines | Learned Materials machine intel 993 | -10/Mines | Found a damaged Exp. Sensor Array with a note attached 996 | -10/Mines | Found Prototype Device 1002 | -10/Mines | Identified Exp. Sensor Array 1227 | -10/Mines | Core integrity fell below 50% 1370 | -10/Mines | Received a Mining Laser from a helpful Derelict 1374 | -10/Mines | Discovered new exit (range 5) 1743 | -10/Mines | Entered Materials 1743 | -9/Materials | Accompanied by 2 allies 1743 | -9/Materials | Evolved 2 slots: Propulsion x1, Utility x1 1744 | -9/Materials | Identified exit to Mines 1745 | -9/Materials | Loaded intel: 67 machine locations 1748 | -9/Materials | Led the pair of lost Derelicts to an unsafe place 2299 | -9/Materials | Discovered new exit (range 16) 2948 | -9/Materials | Build established: Scavenger-Mutant 3179 | -9/Materials | Entered Mines 3229 | -9/Mines | Met a Derelict bent on vengeance 3299 | -9/Mines | Discovered new exit (range 12) 3523 | -9/Mines | Discovered new exit (range 16) 3600 | -9/Mines | Assembled infested the area 3620 | -9/Mines | Core integrity fell below 50% 3661 | -9/Mines | Lost 4 parts (1p2n1u) 3866 | -9/Mines | Learned Materials garrison access intel 4007 | -9/Mines | Found the Drone Emporium 4021 | -9/Mines | Found Prototype Device 4022 | -9/Mines | Identified Splice Drone Bay 4106 | -9/Mines | Discovered new exit (range 5) 4116 | -9/Mines | Entered Exiles 4176 | -9/Exiles | Met 8R-AWN 4271 | -9/Exiles | Met EX-HEX 4343 | -9/Exiles | Met EX-BIN 4376 | -9/Exiles | Aligned with FarCom system 4379 | -9/Exiles | Given EX-Vault access code 4446 | -9/Exiles | Opened EX-Vault 4465 | -9/Exiles | Found Field Lobotomy Kit 4470 | -9/Exiles | Found YOLO Cannon 4482 | -9/Exiles | Found AWS/Thermal 4533 | -9/Exiles | Warned to stay clear of 0b10 Research branches 4612 | -9/Exiles | Met EX-DEC 4624 | -9/Exiles | Learned location of Zion (-6) 4977 | -9/Exiles | Attacked by the Exiles 5135 | -9/Exiles | Lost 3 parts (1p1n1u) 5139 | -9/Exiles | Core integrity fell below 20% 5185 | -9/Exiles | Destroyed by 8R-AWN with 8R-AWN's Boregun Last Messages --------------- 05122_ HV Slug penetrates Machine. 05127_ Penetrated by HV Slug. 05127_ Destroyed Prototype Protection. 05128_ The unstable cave ceiling collapses. 05130_ 8R-AWN Prototype Device severed. 05130_ Axe follow-up attack on 8R-AWN. 05130_ Penetrated by HV Slug. 05138_ Axe follow-up attack on 8R-AWN. 05138_ Penetrated by HV Slug. 05141_ 8R-AWN Prototype Leg severed. 05141_ Axe follow-up attack on 8R-AWN. 05143_ Penetrated by HV Slug. 05147_ Critical hit (Destroy). 05147_ Penetrated by HV Slug. 05148_ Axe follow-up attack on 8R-AWN. 05151_ Penetrated by HV Slug. 05168_ Imp. Light Armor Plating destroyed. 05168_ Penetrated by HV Slug. 05172_ Axe follow-up attack on 8R-AWN. 05172_ Penetrated by HV Slug. Map ----- +----------------------------------------------------+ | ?????????????????????????????????????????????????? | | ?????????????????????????????????????????????????? | | ?????????????????????????????????????????????????? | | ?????????????????????????????????????????????????? | | ?????????????????????????????????????????????????? | | ?????????????????????????????????????????????????? | | ?????????????????????????????????????????????????? | | ?????????????????????????????????????????????????? | | ?????????????????????????????????????????????????? | | ?????????????????????????????????????????????????? | | ?????????????????????????????????????????????????? | | ?????????????????????????????????????????????????? | | ?????????????????????????????????????????????????? | | ?????????????????????????????????????????????????? | | ?????????????????????????????????????????????????? | | ?????????????????????????????????????????????????? | | ?????????????????????????????????????????????????? | | ????????????? ???????????????????????????????????? | | ???????????? ??????????????#######?????????????? | | ???????????? ######???????#!!! "#?????????????? | | ???????????? #""#??????# "#?????????????? | | ???????????# ??????# "#?????????????? | | ????????????#" #????## ""#????????????## | | ????????????"" #####" ""#???????????? | | ??????????????# =g ##" ""#????????????" | | ???????????????# @ #"" ###???????????"" | | ?????????????????## #??? ####?????"" | | ??????????????????#### ## #?????"" | | ?????????????????????##; # # #???? | | ???????????????########" # #?????" | | ???????????????# !!"""" # #??????# | | ???????????????#! ! ###" % ## ##???### | | ???????????????#! "#?## ""#####X# | | ???????????????#! !##??# | | ???????????????# !""""""#;#???#"# %% | | ???????????????########## #???#### | | ????????????????????????# #??????##; | | ????????????????????????# #????????### | | ????????????????????????# #??????????## | | ????????????????????????# #???????????## | | ????????????????????????? ?????????????# | | ????????????????????????? ??????????????# | | ????????????????????????? ?????????????##" | | ????????????????????????? ?????????????#"" | | ????????????????????????? ????????????##""" | | ??????????????????????????????????????#""" | | ??????????????????????????????????????#""" | | ??????????????????????????????????????#"" | | ??????????????????????????????????????#""" | | ??????????????????????????????????????#"" | +----------------------------------------------------+ Best States ------------- Heat Dissipation 48 Energy Generation 14 Energy Capacity 250 Matter Stores 300 Matter Capacity 300 Sight Range 16 Robot Scan Range 14 Terrain Scan Density 10 Armor Coverage 600 Evasion (%) 55 Recoil Reduction 3 Item Schematics ----------------- None Robot Schematics ------------------ None Fabricated ------------ Nothing Alien Tech Used ----------------- None Achievements -------------- None Challenges ------------ None Game ------ Seed SingularityQuantumFrame Manual? 0 Play Time 00:24:58 Cumulative 336.6 hours Start 2023.05.24 @ 15:52:24 End 2023.05.25 @ 17:50:10 Sessions 3 Manual Loads 0 Difficulty Rogue Special Mode None Game No. 360 Rogue 360 Adventurer 0 Explorer 0 Win Type - Total 28 Types 16/3/3/1/2/0/3/0/0 Lore% 86 Gallery% 87 Achievement% 82 Wizard Run 0 Options --------- ASCII 0 Keyboard 0 Movement Arrows Keybinds 0 Fullscreen 2 Font 24/Smallcaps Map View 76x50 Tactical HUD 1 Map Filters NONE Filters NONE Steam 1 RUN: 39b7636b-3ef1-4623-aa1c-16fb36beb5cd